 Dungeon Sprint DCSS version 0.17-a0-1635-gd4e48f1 (webtiles) character file.

123 Kidiri the Shield-Bearer (level 5, -24/32 HPs)
             Began as a Gargoyle Fighter on Aug 4, 2015.
             Was an Initiate of Okawaru.
             Annihilated by a hill giant
             ... wielding a +0 giant spiked club
              (30 damage)
             ... in the Dungeon (Sprint IX: "|||||||||||||||||||||||||||||").
             The game lasted 00:01:25 (180 turns).

Kidiri the Shield-Bearer (Gargoyle Fighter)          Turns: 180, Time: 00:01:26

Health: -24/32     AC: 15    Str: 27    XL:     5   Next: 7%
Magic:  5/5        EV: 10    Int: 12    God:    Okawaru [......]
Gold:   0          SH: 11    Dex: 12    Spells: 0 memorised, 4 levels left

rFire  . . .     SeeInvis .     p - +2 morningstar of Darkness {crush, Str+7}
rCold  . . .     Clarity  .     r - +1 scale mail
rNeg   + . .     SustAt   .     c - +0 shield
rPois  ∞         Gourm    .     (no helmet)
rElec  +         Spirit   .     (no cloak)
rCorr  .         Warding  .     q - +0 pair of gloves
rMut   .         NoTele   +     a - +0 pair of boots
MR     .....                    (no amulet)
Stlth  ..........               t - +3 ring of intelligence
                                s - +3 ring of dexterity

@: not resistant to hostile enchantments, extremely unstealthy
A: negative energy resistance 1, electricity resistance, unbreathing,
petrification resistance, rot immunity, AC +4
a: Renounce Religion


You were in the Dungeon.
You worshipped Okawaru.
Okawaru was noncommittal.
You were not hungry.

You visited 1 branch

Inventory:

Hand weapons
 p - the +2 morningstar of Darkness (weapon) {crush, Str+7}
   (You found it in the Dungeon)

   It inflicts extra damage upon your enemies.
   It affects your strength (+7).
Armour
 a - a +0 pair of boots (worn)
 b - a +0 scale mail
 c - a +0 shield (worn)
 q - a +0 pair of gloves (worn)
 r - a +1 scale mail (worn)
Jewellery
 s - a +3 ring of dexterity (left hand)
 t - a +3 ring of intelligence (right hand)
Magical devices
 o - a wand of fire (7)
Scrolls
 k - 2 scrolls of blinking
 m - 3 scrolls of remove curse
 n - 2 scrolls of amnesia
Potions
 d - a potion of might
 f - a potion of invisibility
 g - a potion of heal wounds
 h - a potion of haste
 i - 4 potions of magic
 j - 4 potions of curing
Comestibles
 e - a bread ration
 l - 3 chunks of flesh


   Skills:
 - Level 3.2 Fighting
 + Level 4.4 Maces & Flails
 * Level 6.7 Armour
 + Level 2.9 Dodging
 * Level 6.9 Shields
 + Level 0.0 Invocations


You had 4 spell levels left.
You didn't know any spells.

Dungeon Overview and Level Annotations

Branches:
Dungeon (1/1)

Altars:
Cheibriados
Dithmenos
Elyvilon
Fedhas
Gozag
Kikubaaqudgha
Makhleb
Nemelex Xobeh
Okawaru
Qazlal
Ru
Sif Muna
Trog
Vehumet
Xom
Yredelemnul
Zin
The Shining One
Beogh
Jiyva
Lugonu


Innate Abilities, Weirdness & Mutations

You are resistant to torment.
Your stone body is resilient (AC +4).
You are immune to poison.
You resist negative energy.
You are resistant to electric shocks.
You can survive without breathing.
You are immune to petrification.
You are immune to rotting.


Message History

The hill giant hits you with a giant spiked club.
A sky beast appears from thin air!
Reactivating autopickup.
Drink which item? (? for menu, Esc to quit)
You feel much better.
The sky beast flickers out of sight!
Deactivating autopickup; reactivate with Ctrl-A.
The hill giant hits you but does no damage.
You hit the hill giant.
The hill giant is lightly wounded.
You block the hill giant's attack.
You impale the hill giant!!
The hill giant is heavily wounded.
The hill giant hits you with a giant spiked club!!
Ouch! That really hurt!
* * * LOW HITPOINT WARNING * * *
Your shield and scale mail prevent you from hitting the hill giant.
The hill giant is heavily wounded.
The hill giant hits you with a giant spiked club!!
Ouch! That really hurt!
You die...

▓+▓
▓Z▓
▓{▓
▓Z▓
▓o▓
▓o▓
▓C▓
▓@▓
▓.▓
▓.▓
▓.▓
▓.▓
▓.▓
▓)▓
▓|▓
▓.▓


You could see a hill giant, 2 orcs, a bat skeleton and an adder skeleton.

Vanquished Creatures
  A phantom (D)
  A worker ant (D)
  A worm (D)
  A goblin (D)
  2 kobolds (D)
  A giant cockroach (D)
  A quokka zombie (D)
  2 rats (D)
10 creatures vanquished.

Notes
Turn   | Place    | Note
--------------------------------------------------------------
     0 | D        | Kidiri the Gargoyle Fighter began the quest for the Orb.
     0 | D        | Reached XP level 1. HP: 14/14 MP: 1/1
    36 | D        | Reached skill level 4 in Shields
    52 | D        | Noticed a worker ant
    52 | D        | Noticed a phantom
    71 | D        | Killed a phantom
    71 | D        | Reached skill level 6 in Armour
    71 | D        | Reached XP level 2. HP: 19/19 MP: 2/2
    71 | D        | Reached XP level 3. HP: 23/23 MP: 3/3
    71 | D        | Reached XP level 4. HP: 28/28 MP: 4/4
    82 | D        | Killed a worker ant
    82 | D        | Reached XP level 5. HP: 22/32 MP: 5/5
    90 | D        | Found a glowing silver altar of Zin.
    90 | D        | Found a glowing golden altar of the Shining One.
    90 | D        | Found an ancient bone altar of Kikubaaqudgha.
    90 | D        | Found a basalt altar of Yredelemnul.
    90 | D        | Found a shimmering altar of Xom.
    90 | D        | Found a radiant altar of Vehumet.
    91 | D        | Found an iron altar of Okawaru.
    92 | D        | Found a burning altar of Makhleb.
    93 | D        | Found a deep blue altar of Sif Muna.
    94 | D        | Found a bloodstained altar of Trog.
    95 | D        | Found a sparkling altar of Nemelex Xobeh.
    96 | D        | Found a white marble altar of Elyvilon.
    97 | D        | Found a roughly hewn altar of Beogh.
    98 | D        | Found a viscous altar of Jiyva.
    99 | D        | Became a worshipper of Warmaster Okawaru
   100 | D        | Found a corrupted altar of Lugonu.
   101 | D        | Found a blossoming altar of Fedhas.
   102 | D        | Found a snail-covered altar of Cheibriados.
   103 | D        | Found a shadowy altar of Dithmenos.
   104 | D        | Found a stormy altar of Qazlal.
   105 | D        | Found an opulent altar of Gozag.
   106 | D        | Found a sacrificial altar of Ru.
   123 | D        | Got the +2 morningstar of Darkness {crush, Str+7}
   165 | D        | Noticed a sky beast
   165 | D        | Noticed a hill giant
   180 | D        | Annihilated by a hill giant

Vault maps used:
D:        linesprint

Action                   |  1- 3 |  4- 6 || total
-------------------------+-------+-------++-------
Melee: Flail             |    47 |    10 ||    57
       Morningstar       |       |    13 ||    13
  Use: Potion            |     3 |     1 ||     4
